 Dungeon Crawl Stone Soup version 0.31-a0-219-g8d62b2e7bb (webtiles) character file.

Game seed: 13143780860627379063

205 qw the Protected (level 5, -7/30 HPs)
             Began as a Gargoyle Hexslinger on July 3, 2023.
             Killed by divine providence
             ... invoked by an orc priest
              (16 damage)
             ... on level 3 of the Dungeon.
             The game lasted 00:00:45 (2040 turns).

qw the Protected (Gargoyle Hexslinger)              Turns: 2040, Time: 00:00:45

Health: -7/30      AC: 11    Str: 11    XL:     5   Next: 83%
Magic:  6/6        EV: 11    Int: 14    God:
Gold:   63         SH:  0    Dex: 14    Spells: 5/6 levels left

rFire   . . .        Y - +1 sling
rCold   . . .        (no shield)
rNeg    + . .        f - +0 ring mail
rPois   inf          (no helmet)
rElec   +            (no cloak)
rCorr   .            (no gloves)
SInv    .            (no boots)
Will    .....        (no amulet)
Stlth   +            (no ring)
HPRegen 0.25/turn    (no ring)
MPRegen 0.10/turn

%: no passive effects
@: no status effects
A: sickness immunity, AC +4, negative energy resistance 1, electricity
resistance, torment resistance 1, petrification resistance
a: no special abilities


You were on level 3 of the Dungeon.
You visited 1 branch of the dungeon, and saw 3 of its levels.

You collected 63 gold pieces.


Innate Abilities, Weirdness & Mutations

You are immune to sickness and miasma.
Your stone body is resilient. (AC +4)
You are immune to poison.
You resist negative energy. (rN+)
You are resistant to electric shocks. (rElec)
You are resistant to unholy torment.
You are immune to petrification.


   Skills:
 - Level 2.0 Fighting
 + Level 4.3 Ranged Weapons
 - Level 12.3 Armour
 - Level 1.5 Dodging
 - Level 1.0 Spellcasting
 - Level 2.6 Hexes


You had 5 spell levels left.
You knew the following spells:

 Your Spells              Type           Power      Damage    Failure   Level
a - Slow                  Hex            32%        N/A       17%         1

Your spell library contained the following spells:

 Spells                   Type           Power      Damage    Failure   Level
 Inner Flame              Hex/Fire       4%         N/A       65%         3
 Portal Projectile        Hex/Tloc       8%         N/A       65%         3
 Cause Fear               Hex            4%         N/A       86%         4

Inventory:

Hand Weapons
 Y - a +1 sling (weapon)
Armour
 f - a +0 ring mail (worn)
Scrolls
 a - a scroll of identify
 c - a scroll of brand weapon {unknown}
Potions
 b - a potion of enlightenment {unknown}

Dungeon Overview and Level Annotations

Branches:
Dungeon (3/15)

Altars:


Message History

An orc comes into view. It is wielding a +0 club.
An orc comes into view. It is wielding a +0 war axe.
The gnoll closely misses you.
The quokka bites you but does no damage.
You shoot a sling bullet.
The sling bullet closely misses the quokka.
The sling bullet hits the gnoll.
The gnoll is moderately wounded.
An orc priest comes into view. It is wielding a +0 club.
The gnoll closely misses you. The gnoll barely misses you.
The gnoll closely misses you. The quokka bites you.
An orc comes into view. It is wielding a +0 whip.
The quokka bites you. The gnoll misses you. The gnoll closely misses you.
The gnoll hits you but does no damage.
You shoot a sling bullet. The orc shouts!
The sling bullet hits the quokka.
The quokka is lightly wounded.
The quokka barely misses you.
An orc comes into view.
It is wielding a +1 dagger of electrocution.
The gnoll hits you but does no damage. x3
You shoot a sling bullet.
The sling bullet barely misses the quokka.
The sling bullet hits the gnoll.
The gnoll is moderately wounded.
The quokka barely misses you.
The orc priest casts a cantrip, but nothing happens.
The gnoll misses you.
The gnoll hits you but does no damage. x2
The quokka bites you but does no damage.
You shoot a sling bullet. The sling bullet hits the quokka.
You kill the quokka!
The gnoll hits you from afar with a +1 spear of flaming.
The gnoll burns you. The gnoll barely misses you. x2
You shoot a sling bullet.
The sling bullet hits the orc but does no damage.
The orc hits you but does no damage.
The orc priest invokes the aid of Beogh against you.
Beogh smites you!
Ouch! That really hurt!
You die...

. .. .... ..o...#####
#########
...o.%....####........
...oog###g............
....ogo@...##..........#
(..ooo####.............#
....# #####.........#
### ##...........
##............
#.....%.......
#..........<.. #
#....).<......
#.#.......%.....


You could see 2 orc priests, an orc wizard, 3 gnolls and 6 orcs.

Vanquished Creatures
  Natasha (twice) (D:2)
  A gnoll (D:3)
  2 adders (D:2)
  A dart slug (D:2)
  3 ball pythons
  3 bats (D:1)
  2 endoplasms (D:1)
  4 giant cockroaches
  4 goblins (D:2)
  5 hobgoblins
  5 jackals
  5 kobolds
  3 quokkas
  4 frilled lizards
  4 rats
48 creatures vanquished.

Notes
Turn   | Place    | Note
-------+----------+-------------------------------------------
     0 | D:1      | qw the Gargoyle Hexslinger began the quest for the Orb.
     0 | D:1      | Reached XP level 1. HP: 12/12 MP: 2/2
     0 | D:1      | 0 ||| qw: Version: 0.3-a-40-ge99b1a8
     0 | D:1      | 0 ||| qw: Game counter: 330
     0 | D:1      | 0 ||| qw: Melee chars always use a shield: true
     0 | D:1      | 0 ||| qw: God list: Okawaru
     0 | D:1      | 0 ||| qw: Allow faded altars: false
     0 | D:1      | 0 ||| qw: Do Orc after clearing Dungeon:15 true
     0 | D:1      | 0 ||| qw: Do second Lair branch before Depths: true
     0 | D:1      | 0 ||| qw: Lair rune preference: random
     0 | D:1      | 0 ||| qw: Goals: Normal
     0 | D:1      | 0 ||| PLANNING D:1-11
   272 | D:1      | Reached XP level 2. HP: 16/16 MP: 3/3
   395 | D:1      | Found a faded altar of an unknown god.
   475 | D:1      | Reached skill level 3 in Ranged Weapons
   659 | D:1      | HP: 4/16 [jackal (3)]
   876 | D:1      | 876 ||| UPGRADING to +0 ring mail.
   886 | D:1      | 886 ||| DROPPING +0 robe.
   887 | D:1      | 887 ||| DROPPING scarf of harm.
   888 | D:1      | 888 ||| READING 2 scrolls labelled KONUMI SEKE.
   889 | D:1      | 889 ||| READING scroll labelled FUQAS OTHRULAM.
   893 | D:1      | 893 ||| READING scroll labelled ZIAROM PANOI.
   894 | D:1      | 894 ||| DROPPING scroll of poison.
   958 | D:2      | Reached XP level 3. HP: 17/21 MP: 4/4
  1526 | D:2      | Noticed Natasha
  1530 | D:2      | Killed Natasha
  1531 | D:2      | Reached XP level 4. HP: 26/26 MP: 5/5
  1817 | D:2      | 1817 ||| READING 3 scrolls of identify.
  1817 | D:2      | 1817 ||| IDENTIFYING orange potion
  1818 | D:2      | 1818 ||| DRINKING potion of experience.
  1818 | D:2      | Reached skill level 12 in Armour
  1818 | D:2      | Reached XP level 5. HP: 30/30 MP: 6/6
  1819 | D:2      | 1819 ||| READING 2 scrolls of identify.
  1819 | D:2      | 1819 ||| IDENTIFYING cyan potion
  1819 | D:2      | Noticed Natasha
  1841 | D:2      | Killed Natasha
  1869 | D:2      | 1869 ||| DROPPING potion of brilliance.
  1918 | D:3      | 1918 ||| STAIRDANCE
  2019 | D:3      | 2019 ||| Stepping ~*~*~tactically~*~*~ (outnumbered).
  2040 | D:3      | Killed from afar by an orc priest

Levels and vault maps discovered:
D:1:      psy_arrival_conway, layout_basic, hellmonk_ecumenical_altar_zigzags
D:2:      layout_basic, uniq_natasha
D:3:      lemuel_castle_with_subvaults [lemuel_castle_interior_carwin_3],
          layout_rooms, kennysheep_pointless_box, uniq_terence

Skill      XL: |  1  2  3  4 |
---------------+-------------+-----
Ranged Weapons | 3 4 |  4.3
Fighting       | 2 |  2.0
Armour         | 12 | 12.3
Dodging        | |  1.5
Spellcasting   | |  1.0
Hexes          | |  2.6

Action                     |  1- 3 |  4- 6 || total
---------------------------+-------+-------++-------
   Fire: Sling             |   122 |    78 ||   200
    Use: Scroll            |     3 |     2 ||     5
         Potion            |       |     1 ||     1
 Armour: Robe              |    16 |       ||    16
         Ring mail         |    18 |    60 ||    78
  Dodge: Dodged            |    37 |    67 ||   104

Table legend:
 A = Non-vault XP
 B = Vault XP
 C = Vault XP percentage of total XP
 D = Non-vault monster count
 E = Vault monster count
 F = Vault count percentage of total count
                 A         B        C        D         E       F
            +---------+---------+-------+---------+---------+-------
      Total |     153 |      33 |  17.7 |      47 |       1 |   2.1
            +---------+---------+-------+---------+---------+-------
        D:1 |      31 |       0 |   0.0 |      17 |       0 |   0.0
        D:2 |      98 |      33 |  25.2 |      22 |       1 |   4.3
        D:3 |      24 |       0 |   0.0 |       8 |       0 |   0.0
            +---------+---------+-------+---------+---------+-------
